WCHLSIM.com - West Coast Hockey League
html PUBLIC "-//W3C//DTD XHTML 1.0 Transitional//EN" "http://www.w3.org/TR/xhtml1/DTD/xhtml1-transitional.dtd"> WCHL - Game 266 - VANCOUVER VOODOO vs RENO LIONS

VANCOUVER VOODOO vs RENO LIONS

Created - 19 novembre 2023 at 22:14

Goals
1 2 3 T
VANCOUVER VOODOO 2 0 0 2
RENO LIONS 2 2 1 5
Shots
1 2 3 T
VANCOUVER VOODOO 7 6 10 23
RENO LIONS 11 13 10 34

1st period

1. VANCOUVER VOODOO , Christian Dvorak 2 (Nicolas Roy 11, Jordan Harris 7) at 2:09 (SH)
2. RENO LIONS , Juuso Valimaki 2 (Jack Roslovic 3, Ilya Mikheyev 4) at 5:44 (PP)
3. RENO LIONS , Jack Roslovic 5 (Nick Bjugstad 3, Ilya Mikheyev 5) at 7:12 (PP)
4. VANCOUVER VOODOO , Josh Anderson 6 (Nicolas Roy 12, Braden Schneider 3) at 19:49

Penalties :
Braden Schneider (VAN) for Goalie Interference (Minor) at 0:27, Braden Schneider (VAN) for Hooking (Minor) at 5:16, Braden Schneider (VAN) for Holding (Minor) at 6:03, Braden Schneider (VAN) for Hooking (Minor) at 10:59

2nd period

5. RENO LIONS , Ilya Mikheyev 3 (Jack Roslovic 4, Juuso Valimaki 2) at 2:18 (PP)
6. RENO LIONS , Nick Bjugstad 1 (Ilya Mikheyev 6, Jack Roslovic 5) at 16:06

Penalties :
Nicolas Hague (VAN) for Cross-checking (Minor) at 1:44, Radek Faksa (VAN) for Interference (Minor) at 5:00

3rd period

7. RENO LIONS , Juuso Valimaki 3 (Marcus Foligno 3, Ethan Bear 4) at 12:26

Penalties :
Nicholas Ritchie (REN) for Roughing (Minor) at 5:12, Calen Addison (VAN) for Slashing (Minor) at 18:58

Goalie Stats

Filip Gustavsson (VAN), 11 saves from 12 shots - (0,917), 23:54 minutes
Samuel Montembeault (VAN), 18 saves from 22 shots - (0,818), L, 1-4-0, 36:06 minutes
Stuart Skinner (REN), 21 saves from 23 shots - (0,913), W, 8-7-0, 60:00 minutes

Players Stats for VANCOUVER VOODOO

Player Name              G  A  P  +/- PIM S  H  SB GA TA FO     MP     PP MP  PK MP  
------------------------------------------------------------------------------------
Alex Newhook             0  0  0  -1  0   0  0  0  0  0  0/0    13:22   0:46   0:10 
Braden Schneider         0  1  1   0  8   1  0  0  0  0  0/0    17:38   0:46   1:10 
Brendan Gallagher        0  0  0  -1  0   2  0  0  0  0  0/0     6:25   1:13   0:00 
Calen Addison            0  0  0   0  2   0  0  1  0  0  0/0    17:18   1:13   0:46 
Christian Dvorak         1  0  1   1  0   6  1  5  0  0  17/31  21:03   0:00   5:05 
Cole Sillinger           0  0  0   1  0   3  1  0  0  0  4/17   15:16   0:00   0:00 
Conor Garland            0  0  0   0  0   1  1  0  0  0  1/1    17:11   1:13   0:00 
Jonathan Drouin          0  0  0   0  0   1  1  0  0  0  0/3    17:11   1:13   0:00 
Jordan Harris            0  1  1   1  0   2  1  3  0  0  0/0    22:46   1:13   4:28 
Josh Anderson            1  0  1   1  0   3  0  0  0  0  1/1    19:10   0:00   3:54 
Josh Bailey              0  0  0  -1  0   1  0  0  0  0  0/0    14:27   0:46   1:15 
Joshua Norris            0  0  0  -1  0   0  0  0  0  0  2/6     5:12   0:00   0:00 
Keaton Middleton         0  0  0  -1  0   0  9  0  0  0  0/0    19:42   0:00   3:15 
Logan Stanley            0  0  0   0  0   0  0  1  0  0  0/0    19:12   0:00   5:20 
Max Pacioretty           0  0  0  -1  0   0  0  0  0  0  0/1     5:12   0:00   0:00 
Nicolas Hague            0  0  0   0  2   1  4  3  0  0  0/0    23:02   0:46   3:03 
Nicolas Roy              0  2  2   2  0   1  2  0  0  0  1/5    21:17   0:46   5:15 
Radek Faksa              0  0  0  -1  2   1  1  1  0  0  11/19  15:20   0:00   2:55 

Players Stats for RENO LIONS

Player Name              G  A  P  +/- PIM S  H  SB GA TA FO     MP     PP MP  PK MP  
------------------------------------------------------------------------------------
Alex Steeves             0  0  0   0  0   0  0  0  0  0  3/6     5:38   0:00   0:00 
Andreas Johnsson         0  0  0   0  0   0  0  0  0  0  0/0     5:14   0:00   0:00 
Brady Skjei              0  0  0   0  0   1  1  1  0  0  0/0    24:20   3:47   1:05 
Elias Pettersson         0  0  0   0  0   3  1  0  0  0  1/2    22:40   5:17   0:00 
Ethan Bear               0  1  1   1  0   1  1  2  0  0  0/0    14:01   0:00   0:54 
Ilya Mikheyev            1  3  4  -1  0   6  0  0  0  0  1/2    18:30   3:52   0:00 
Jack Roslovic            1  3  4  -1  0   3  0  0  0  0  1/1    19:13   3:52   0:43 
Justin Schultz           0  0  0   0  0   1  1  2  0  0  0/0    23:09   3:47   0:00 
Juuso Valimaki           2  1  3   0  0   3  4  4  0  0  0/0    19:23   5:22   0:54 
Kirill Kaprizov          0  0  0   0  0   3  1  0  0  0  1/2    22:40   5:17   0:00 
Marcus Foligno           0  1  1   1  0   3  0  0  0  0  0/1    13:11   0:00   1:16 
Marian Studenic          0  0  0   0  0   1  0  0  0  0  0/0     4:56   0:00   0:00 
Mattias Samuelsson       0  0  0   0  0   0  0  2  0  0  0/0    16:46   0:00   1:05 
Nicholas Ritchie         0  0  0   1  2   2  0  0  0  0  1/2    11:54   0:00   0:00 
Nick Bjugstad            1  1  2  -1  0   2  8  0  0  0  14/25  19:46   3:52   1:16 
Oliver Ekman-Larsson     0  0  0  -1  0   0  0  0  0  0  0/0    20:57   5:22   0:00 
Patrick Brown            0  0  0   1  0   0  0  0  0  0  9/16   12:38   0:00   0:43 
Steven Stamkos           0  0  0   0  0   5  2  0  0  0  16/27  23:04   5:17   0:00 

3 Stars

1 - Juuso Valimaki (REN)
2 - Jack Roslovic (REN)
3 - Nick Bjugstad (REN)

Power Play

VANCOUVER VOODOO - 0 on 1 Attempt(s) - 0,00%
RENO LIONS - 3 on 7 Attempt(s) - 42,86%

Penalty Kill

VANCOUVER VOODOO - 4 on 7 Attempt(s) - 57,14% - Score 1 goal in Penalty Kill
RENO LIONS - 1 on 1 Attempt(s) - 100,00% - Score 0 goal in Penalty Kill

Team Stat

VANCOUVER VOODOO - Hits : 21 - Faceoff Wins : 37 - Blocked Shots : 14 - Penalty Minutes : 14
RENO LIONS - Hits : 19 - Faceoff Wins : 47 - Blocked Shots : 11 - Penalty Minutes : 2

Official

Referees : Stephen Hiff and Dave Lewis
Linesman : James Tobias and Steven Walsh

Game Notes

Filip Gustavsson enters game at 16:06 of 2nd period

Finance

Level 1 -- Attendance: 7000 (100,00%) -- Ticket Income 945 000 $
Level 2 -- Attendance: 6000 (100,00%) -- Ticket Income 510 000 $
Level 3 -- Attendance: 3000 (100,00%) -- Ticket Income 180 000 $
Level 4 -- Attendance: 5000 (100,00%) -- Ticket Income 200 000 $
Luxury Box -- Attendance: 1000 (100,00%) -- Ticket Income 270 000 $
Game was played at the Lions Kingdom.
Total Attendance: 22000 (100,00%)
Total Ticket Income: 2 105 000 $
Other Expense: 21 050 $
Total Income: 2 083 950 $

VANCOUVER VOODOO

5 vs 5 Forward 
   Center                   Left Wing                Right Wing               Time % Phy DF OF 
 1 Christian Dvorak         Jonathan Drouin          Conor Garland            33     1   1  3  
 2 Cole Sillinger           Josh Anderson            Nicolas Roy              32     2   1  2  
 3 Radek Faksa              Alex Newhook             Josh Bailey              26     1   3  1  
 4 Joshua Norris            Max Pacioretty           Brendan Gallagher        9      1   2  2  

5 vs 5 Defense 
   Defense                  Defense                                           Time % Phy DF OF 
 1 Nicolas Hague            Jordan Harris                                     36     2   2  1  
 2 Calen Addison            Braden Schneider                                  35     1   1  3  
 3 Logan Stanley            Keaton Middleton                                  29     2   2  1  
 4 Nicolas Hague            Keaton Middleton                                  0      1   2  2  

PowerPlay Forward 
   Center                   Left Wing                Right Wing               Time % Phy DF OF 
 1 Jonathan Drouin          Conor Garland            Brendan Gallagher        53     1   0  4  
 2 Nicolas Roy              Alex Newhook             Josh Bailey              47     2   1  2  

PowerPlay Defense
   Defense                  Defense                                           Time % Phy DF OF 
 1 Jordan Harris            Calen Addison                                     53     1   1  3  
 2 Braden Schneider         Nicolas Hague                                     47     1   2  2  

Penalty Kill 4 Players Forward 
   Center                   Wing                     Time % Phy DF OF 
 1 Christian Dvorak         Nicolas Roy              53     1   4  0  
 2 Radek Faksa              Josh Anderson            47     2   2  1  

Penalty Kill 4 Players Defense
   Defense                  Defense                  Time % Phy DF OF 
 1 Nicolas Hague            Braden Schneider         53     2   3  0  
 2 Logan Stanley            Jordan Harris            47     1   3  1  

Penalty Kill - 3 Players Forward 
   Forward                                           Time % Phy DF OF 
 1 Radek Faksa                                       55     1   4  0  
 2 Nicolas Roy                                       45     2   3  0  

Penalty Kill - 3 Players Defense
   Defense                  Defense                  Time % Phy DF OF 
 1 Nicolas Hague            Braden Schneider         52     1   4  0  
 2 Jordan Harris            Logan Stanley            48     1   3  1  

4 vs 4 Forward 
   Center                   Wing                     Time % Phy DF OF 
 1 Radek Faksa              Conor Garland            51     1   2  2  
 2 Cole Sillinger           Max Pacioretty           49     2   1  2  

4 vs 4 Defense
   Defense                  Defense                  Time % Phy DF OF 
 1 Nicolas Hague            Logan Stanley            52     1   2  2  
 2 Keaton Middleton         Braden Schneider         48     1   2  2  

Last Minutes Offensive
   Center                   Left Wing                Right Wing               Defense                  Defense                  
   Nicolas Roy              Jonathan Drouin          Conor Garland            Nicolas Hague            Calen Addison            

Last Minutes Defensive
   Center                   Left Wing                Right Wing               Defense                  Defense                  
   Christian Dvorak         Josh Anderson            Nicolas Roy              Nicolas Hague            Braden Schneider         

Goaltenders
Starting : Samuel Montembeault      
Backup : Filip Gustavsson         

Extra Forwards
Normal : Josh Anderson, Brendan Gallagher, Josh Bailey - PP : Alex Newhook, Cole Sillinger - PK : Josh Bailey
Extra Defensemen
Normal : Logan Stanley, Keaton Middleton, Jordan Harris - PP : Keaton Middleton - PK : Keaton Middleton, Jordan Harris
Penalty Shots
Nicolas Roy, Conor Garland, Josh Anderson, Jonathan Drouin, Alex Newhook
Custom OT Lines Forwards
Josh Anderson, Nicolas Roy, Jonathan Drouin, Conor Garland, Christian Dvorak, Josh Bailey, Alex Newhook, Cole Sillinger, Radek Faksa, Brendan Gallagher
Custom OT Lines Defensemen
Nicolas Hague, Jordan Harris, Braden Schneider, Calen Addison, Logan Stanley

Scratches
Sebastien Aho (Left Wrist Injury), Callan Foote (Bruised Right Shoulder Injury), Tom Wilson (Herniated Disc Injury), Rafael Harvey-Pinard (Broken Bone (Right Arm) Injury), Joonas Korpisalo (Healthy)

RENO LIONS

5 vs 5 Forward 
   Center                   Left Wing                Right Wing               Time % Phy DF OF 
 1 Steven Stamkos           Kirill Kaprizov          Elias Pettersson         35     0   1  4  
 2 Nick Bjugstad            Ilya Mikheyev            Jack Roslovic            30     0   2  3  
 3 Patrick Brown            Nicholas Ritchie         Marcus Foligno           25     1   3  1  
 4 Alex Steeves             Marian Studenic          Andreas Johnsson         10     2   3  0  

5 vs 5 Defense 
   Defense                  Defense                                           Time % Phy DF OF 
 1 Brady Skjei              Justin Schultz                                    35     1   2  2  
 2 Mattias Samuelsson       Oliver Ekman-Larsson                              32     1   2  2  
 3 Juuso Valimaki           Ethan Bear                                        23     1   2  2  
 4 Brady Skjei              Justin Schultz                                    10     1   2  2  

PowerPlay Forward 
   Center                   Left Wing                Right Wing               Time % Phy DF OF 
 1 Steven Stamkos           Kirill Kaprizov          Elias Pettersson         65     0   0  5  
 2 Nick Bjugstad            Ilya Mikheyev            Jack Roslovic            35     0   0  5  

PowerPlay Defense
   Defense                  Defense                                           Time % Phy DF OF 
 1 Justin Schultz           Brady Skjei                                       60     1   2  2  
 2 Juuso Valimaki           Oliver Ekman-Larsson                              40     1   2  2  

Penalty Kill 4 Players Forward 
   Center                   Wing                     Time % Phy DF OF 
 1 Nick Bjugstad            Marcus Foligno           55     1   3  1  
 2 Patrick Brown            Jack Roslovic            45     1   3  1  

Penalty Kill 4 Players Defense
   Defense                  Defense                  Time % Phy DF OF 
 1 Mattias Samuelsson       Brady Skjei              55     1   3  1  
 2 Ethan Bear               Juuso Valimaki           45     1   3  1  

Penalty Kill - 3 Players Forward 
   Forward                                           Time % Phy DF OF 
 1 Jack Roslovic                                     55     1   4  0  
 2 Elias Pettersson                                  45     1   4  0  

Penalty Kill - 3 Players Defense
   Defense                  Defense                  Time % Phy DF OF 
 1 Mattias Samuelsson       Brady Skjei              55     1   4  0  
 2 Ethan Bear               Juuso Valimaki           45     1   4  0  

4 vs 4 Forward 
   Center                   Wing                     Time % Phy DF OF 
 1 Elias Pettersson         Jack Roslovic            55     1   2  2  
 2 Steven Stamkos           Kirill Kaprizov          45     1   2  2  

4 vs 4 Defense
   Defense                  Defense                  Time % Phy DF OF 
 1 Ethan Bear               Mattias Samuelsson       55     1   2  2  
 2 Justin Schultz           Oliver Ekman-Larsson     45     1   2  2  

Last Minutes Offensive
   Center                   Left Wing                Right Wing               Defense                  Defense                  
   Steven Stamkos           Kirill Kaprizov          Elias Pettersson         Justin Schultz           Brady Skjei              

Last Minutes Defensive
   Center                   Left Wing                Right Wing               Defense                  Defense                  
   Steven Stamkos           Elias Pettersson         Jack Roslovic            Mattias Samuelsson       Brady Skjei              

Goaltenders
Starting : Stuart Skinner           
Backup : Elvis Merzlikins         

Extra Forwards
Normal : Andreas Johnsson, Alex Steeves, Steven Stamkos - PP : Nick Bjugstad, Marcus Foligno - PK : Kirill Kaprizov
Extra Defensemen
Normal : Justin Schultz, Oliver Ekman-Larsson, Brady Skjei - PP : Ethan Bear - PK : Oliver Ekman-Larsson, Justin Schultz
Penalty Shots
Kirill Kaprizov, Elias Pettersson, Steven Stamkos, Ilya Mikheyev, Nick Bjugstad
Custom OT Lines Forwards
Steven Stamkos, Elias Pettersson, Kirill Kaprizov, Jack Roslovic, Nick Bjugstad, Ilya Mikheyev, Marcus Foligno, Nicholas Ritchie, Patrick Brown, Marian Studenic
Custom OT Lines Defensemen
Brady Skjei, Justin Schultz, Mattias Samuelsson, Oliver Ekman-Larsson, Ethan Bear

Scratches
Pierre-Luc Dubois (Separated Right Shoulder Injury)

% Time on Ice - VANCOUVER VOODOO

Lines # - Real PCT - Wanted PCT - Time Play
Normal Forward
1 - 33% - 33% - 15:58
2 - 31% - 32% - 15:16
3 - 25% - 26% - 12:26
4 - 11% - 9% - 5:12
Normal Defense
1 - 35% - 36% - 17:05
2 - 34% - 35% - 16:31
3 - 27% - 29% - 13:07
4 - 4% - 0% - 2:09
PP Forward
1 - 61% - 53% - 1:13
2 - 39% - 47% - 0:46
PP Defense
1 - 61% - 53% - 1:13
2 - 39% - 47% - 0:46
PK Forward
1 - 57% - 53% - 5:15
2 - 43% - 47% - 3:54
PK Defense
1 - 42% - 53% - 3:49
2 - 58% - 47% - 5:20
PK3 Forward
1 - 0% - 55%
2 - 0% - 45%
PK3 Defense
1 - 0% - 52%
2 - 0% - 48%
44 Forward
1 - 0% - 51%
2 - 0% - 49%
44 Defense
1 - 0% - 52%
2 - 0% - 48%
Last Minute Offensive  - 0:00
Last Minute Defensive  - 0:00
Total
Forward - 60:00
Defense - 60:00

% Time on Ice - RENO LIONS

Lines # - Real PCT - Wanted PCT - Time Play
Normal Forward
1 - 36% - 35% - 17:23
2 - 30% - 30% - 14:38
3 - 24% - 25% - 11:55
4 - 10% - 10% - 4:56
Normal Defense
1 - 34% - 35% - 16:32
2 - 34% - 32% - 16:51
3 - 27% - 23% - 13:07
4 - 5% - 10% - 2:22
PP Forward
1 - 58% - 65% - 5:17
2 - 42% - 35% - 3:52
PP Defense
1 - 41% - 60% - 3:47
2 - 59% - 40% - 5:22
PK Forward
1 - 64% - 55% - 1:16
2 - 36% - 45% - 0:43
PK Defense
1 - 55% - 55% - 1:05
2 - 45% - 45% - 0:54
PK3 Forward
1 - 0% - 55%
2 - 0% - 45%
PK3 Defense
1 - 0% - 55%
2 - 0% - 45%
44 Forward
1 - 0% - 55%
2 - 0% - 45%
44 Defense
1 - 0% - 55%
2 - 0% - 45%
Last Minute Offensive  - 0:00
Last Minute Defensive  - 0:00
Total
Forward - 60:00
Defense - 60:00

Play-by-Play

1st period


0:01 of 1st period - Steven Stamkos wins face-off versus Jonathan Drouin in neutral zone.
0:14 of 1st period - Shot by Steven Stamkos.
0:14 of 1st period - Stopped by Samuel Montembeault without a rebound.
0:15 of 1st period - Nick Bjugstad wins face-off versus Cole Sillinger in VANCOUVER VOODOO zone.
0:27 of 1st period - Minor Penalty to Braden Schneider for Goalie Interference.
0:28 of 1st period - Christian Dvorak wins face-off versus Kirill Kaprizov in VANCOUVER VOODOO zone.
0:37 of 1st period - Josh Anderson is hit by Steven Stamkos and loses puck.
1:01 of 1st period - Steven Stamkos is hit by Keaton Middleton and loses puck.
1:53 of 1st period - Shot by Christian Dvorak.
1:53 of 1st period - Stopped by Stuart Skinner with a rebound.
1:55 of 1st period - Shot by Jordan Harris.
1:55 of 1st period - Shot Misses the Net.
2:05 of 1st period - Shot by Nicolas Roy.
2:05 of 1st period - Shot Hit the Post.
2:07 of 1st period - Shot by Nicolas Roy.
2:07 of 1st period - Shot Misses the Net.
2:09 of 1st period - Shot by Nicolas Roy.
2:09 of 1st period - Deflect By Christian Dvorak.
2:09 of 1st period - Goal by Christian Dvorak - VANCOUVER VOODOO : 1 - RENO LIONS : 0.
2:10 of 1st period - Christian Dvorak wins face-off versus Steven Stamkos in neutral zone.
2:33 of 1st period - Icing by Joshua Norris.
2:34 of 1st period - Patrick Brown wins face-off versus Joshua Norris in VANCOUVER VOODOO zone.
2:39 of 1st period - Shot by Nicholas Ritchie.
2:39 of 1st period - Deflect By Marcus Foligno.
2:39 of 1st period - Stopped by Samuel Montembeault without a rebound.
2:40 of 1st period - Elias Pettersson wins face-off versus Radek Faksa in VANCOUVER VOODOO zone.
2:57 of 1st period - Shot by Kirill Kaprizov.
2:57 of 1st period - Stopped by Samuel Montembeault without a rebound.
2:58 of 1st period - Nick Bjugstad wins face-off versus Christian Dvorak in VANCOUVER VOODOO zone.
3:15 of 1st period - Shot by Christian Dvorak.
3:15 of 1st period - Deflect By Conor Garland.
3:15 of 1st period - Stopped by Stuart Skinner without a rebound.
3:16 of 1st period - Patrick Brown wins face-off versus Cole Sillinger in RENO LIONS zone.
3:42 of 1st period - Shot by Cole Sillinger.
3:42 of 1st period - Stopped by Stuart Skinner without a rebound.
3:43 of 1st period - Christian Dvorak wins face-off versus Steven Stamkos in RENO LIONS zone.
4:33 of 1st period - Shot by Alex Newhook.
4:33 of 1st period - Shot Misses the Net.
4:54 of 1st period - Nick Bjugstad is hit by Nicolas Hague and loses puck.
5:11 of 1st period - Shot by Ilya Mikheyev.
5:11 of 1st period - Stopped by Samuel Montembeault without a rebound.
5:12 of 1st period - Patrick Brown wins face-off versus Cole Sillinger in VANCOUVER VOODOO zone.
5:16 of 1st period - Minor Penalty to Braden Schneider for Hooking.
5:17 of 1st period - Christian Dvorak wins face-off versus Nick Bjugstad in VANCOUVER VOODOO zone.
5:29 of 1st period - Jack Roslovic is hit by Nicolas Roy and loses puck.
5:35 of 1st period - Oliver Ekman-Larsson is hit by Keaton Middleton and loses puck.
5:44 of 1st period - Shot by Juuso Valimaki.
5:44 of 1st period - Goal by Juuso Valimaki - VANCOUVER VOODOO : 1 - RENO LIONS : 1.
5:45 of 1st period - Patrick Brown wins face-off versus Joshua Norris in neutral zone.
5:50 of 1st period - Shot by Marcus Foligno.
5:50 of 1st period - Shot Blocked by Calen Addison.
6:00 of 1st period - Shot by Nicholas Ritchie.
6:00 of 1st period - Stopped by Samuel Montembeault with a rebound.
6:03 of 1st period - Minor Penalty to Braden Schneider for Holding.
6:04 of 1st period - Radek Faksa wins face-off versus Steven Stamkos in VANCOUVER VOODOO zone.
6:04 of 1st period - Radek Faksa is hit by Elias Pettersson.
7:12 of 1st period - Shot by Jack Roslovic.
7:12 of 1st period - Goal by Jack Roslovic - VANCOUVER VOODOO : 1 - RENO LIONS : 2.
7:13 of 1st period - Joshua Norris wins face-off versus Patrick Brown in neutral zone.
7:47 of 1st period - Shot by Joshua Norris.
7:47 of 1st period - Deflect By Max Pacioretty.
7:47 of 1st period - Shot Blocked by Brady Skjei.
8:34 of 1st period - Icing by Nick Bjugstad.
8:35 of 1st period - Nick Bjugstad wins face-off versus Christian Dvorak in RENO LIONS zone.
9:43 of 1st period - Shot by Steven Stamkos.
9:43 of 1st period - Shot Misses the Net.
9:45 of 1st period - Shot by Elias Pettersson.
9:45 of 1st period - Shot Blocked by Christian Dvorak.
9:47 of 1st period - Shot by Steven Stamkos.
9:47 of 1st period - Stopped by Samuel Montembeault with a rebound.
10:01 of 1st period - Shot by Kirill Kaprizov.
10:01 of 1st period - Shot Blocked by Christian Dvorak.
10:03 of 1st period - Shot by Elias Pettersson.
10:03 of 1st period - Shot Misses the Net.
10:40 of 1st period - Nicolas Roy is hit by Brady Skjei.
10:50 of 1st period - Shot by Nicolas Roy.
10:50 of 1st period - Stopped by Stuart Skinner without a rebound.
10:51 of 1st period - Patrick Brown wins face-off versus Radek Faksa in RENO LIONS zone.
10:59 of 1st period - Minor Penalty to Braden Schneider for Hooking.
11:00 of 1st period - Nick Bjugstad wins face-off versus Radek Faksa in VANCOUVER VOODOO zone.
11:05 of 1st period - Shot by Ilya Mikheyev.
11:05 of 1st period - Stopped by Samuel Montembeault with a rebound.
11:07 of 1st period - Shot by Nick Bjugstad.
11:07 of 1st period - Shot Misses the Net.
11:12 of 1st period - Nick Bjugstad is hit by Keaton Middleton and loses puck.
11:15 of 1st period - Shot by Juuso Valimaki.
11:15 of 1st period - Stopped by Samuel Montembeault without a rebound.
11:16 of 1st period - Radek Faksa wins face-off versus Steven Stamkos in VANCOUVER VOODOO zone.
11:28 of 1st period - Icing by Elias Pettersson.
11:29 of 1st period - Steven Stamkos wins face-off versus Radek Faksa in RENO LIONS zone.
12:06 of 1st period - Shot by Steven Stamkos.
12:06 of 1st period - Shot Misses the Net.
12:08 of 1st period - Shot by Brady Skjei.
12:08 of 1st period - Shot Misses the Net.
14:09 of 1st period - Off-side.
14:10 of 1st period - Steven Stamkos wins face-off versus Cole Sillinger in neutral zone.
14:23 of 1st period - Shot by Kirill Kaprizov.
14:23 of 1st period - Shot Misses the Net.
14:41 of 1st period - Shot by Nicolas Roy.
14:41 of 1st period - Shot Misses the Net.
14:43 of 1st period - Shot by Jordan Harris.
14:43 of 1st period - Stopped by Stuart Skinner with a rebound.
14:59 of 1st period - Shot by Radek Faksa.
14:59 of 1st period - Shot Blocked by Justin Schultz.
15:51 of 1st period - Icing by Christian Dvorak.
15:52 of 1st period - Nick Bjugstad wins face-off versus Christian Dvorak in VANCOUVER VOODOO zone.
15:57 of 1st period - Shot by Ilya Mikheyev.
15:57 of 1st period - Deflect By Jack Roslovic.
15:57 of 1st period - Shot Blocked by Jordan Harris.
15:59 of 1st period - Shot by Nick Bjugstad.
15:59 of 1st period - Shot Misses the Net.
16:01 of 1st period - Shot by Nick Bjugstad.
16:01 of 1st period - Shot Misses the Net.
16:16 of 1st period - Christian Dvorak is hit by Juuso Valimaki and loses puck.
16:23 of 1st period - Shot by Jack Roslovic.
16:23 of 1st period - Shot Misses the Net.
16:25 of 1st period - Shot by Nick Bjugstad.
16:25 of 1st period - Deflect By Ilya Mikheyev.
16:25 of 1st period - Shot Misses the Net.
16:27 of 1st period - Shot by Ilya Mikheyev.
16:27 of 1st period - Shot Misses the Net.
16:33 of 1st period - Shot by Nick Bjugstad.
16:33 of 1st period - Shot Blocked by Nicolas Hague.
17:52 of 1st period - Off-side.
17:53 of 1st period - Radek Faksa wins face-off versus Nick Bjugstad in neutral zone.
18:10 of 1st period - Shot by Jack Roslovic.
18:10 of 1st period - Deflect By Ilya Mikheyev.
18:10 of 1st period - Shot Misses the Net.
18:12 of 1st period - Shot by Ethan Bear.
18:12 of 1st period - Stopped by Samuel Montembeault without a rebound.
18:13 of 1st period - Steven Stamkos wins face-off versus Joshua Norris in VANCOUVER VOODOO zone.
18:22 of 1st period - Shot by Steven Stamkos.
18:22 of 1st period - Shot Blocked by Logan Stanley.
18:40 of 1st period - Kirill Kaprizov is hit by Keaton Middleton and loses puck.
19:47 of 1st period - Shot by Nicolas Roy.
19:47 of 1st period - Shot Misses the Net.
19:49 of 1st period - Shot by Josh Anderson.
19:49 of 1st period - Goal by Josh Anderson - VANCOUVER VOODOO : 2 - RENO LIONS : 2.
19:50 of 1st period - Radek Faksa wins face-off versus Nicholas Ritchie in neutral zone.
Goals for this period are 2 for VANCOUVER VOODOO vs 2 for RENO LIONS.
Shots for this period are 7 for VANCOUVER VOODOO vs 11 for RENO LIONS.

2nd period


0:01 of 2nd period - Steven Stamkos wins face-off versus Cole Sillinger in neutral zone.
0:08 of 2nd period - Shot by Elias Pettersson.
0:08 of 2nd period - Stopped by Samuel Montembeault without a rebound.
0:09 of 2nd period - Steven Stamkos wins face-off versus Radek Faksa in VANCOUVER VOODOO zone.
0:36 of 2nd period - Shot by Alex Newhook.
0:36 of 2nd period - Shot Hit the Post.
1:44 of 2nd period - Minor Penalty to Nicolas Hague for Cross-checking.
1:45 of 2nd period - Christian Dvorak wins face-off versus Nick Bjugstad in VANCOUVER VOODOO zone.
1:51 of 2nd period - Icing by Jack Roslovic.
1:52 of 2nd period - Nick Bjugstad wins face-off versus Christian Dvorak in RENO LIONS zone.
1:52 of 2nd period - Nick Bjugstad is hit by Nicolas Roy.
2:06 of 2nd period - Shot by Jack Roslovic.
2:06 of 2nd period - Shot Blocked by Jordan Harris.
2:08 of 2nd period - Shot by Oliver Ekman-Larsson.
2:08 of 2nd period - Shot Misses the Net.
2:18 of 2nd period - Shot by Ilya Mikheyev.
2:18 of 2nd period - Goal by Ilya Mikheyev - VANCOUVER VOODOO : 2 - RENO LIONS : 3.
2:19 of 2nd period - Patrick Brown wins face-off versus Radek Faksa in neutral zone.
3:24 of 2nd period - Shot by Christian Dvorak.
3:24 of 2nd period - Stopped by Stuart Skinner without a rebound.
3:25 of 2nd period - Steven Stamkos wins face-off versus Cole Sillinger in RENO LIONS zone.
3:46 of 2nd period - Shot by Elias Pettersson.
3:46 of 2nd period - Stopped by Samuel Montembeault without a rebound.
3:47 of 2nd period - Nick Bjugstad wins face-off versus Christian Dvorak in VANCOUVER VOODOO zone.
3:47 of 2nd period - Ilya Mikheyev is hit by Keaton Middleton and loses puck.
4:00 of 2nd period - Shot by Jack Roslovic.
4:00 of 2nd period - Stopped by Samuel Montembeault without a rebound.
4:01 of 2nd period - Nicolas Roy wins face-off versus Steven Stamkos in VANCOUVER VOODOO zone.
4:31 of 2nd period - Shot by Cole Sillinger.
4:31 of 2nd period - Stopped by Stuart Skinner without a rebound.
4:32 of 2nd period - Nick Bjugstad wins face-off versus Christian Dvorak in RENO LIONS zone.
4:32 of 2nd period - Nick Bjugstad is hit by Jonathan Drouin.
4:40 of 2nd period - Shot by Ilya Mikheyev.
4:40 of 2nd period - Stopped by Samuel Montembeault without a rebound.
4:41 of 2nd period - Radek Faksa wins face-off versus Ilya Mikheyev in VANCOUVER VOODOO zone.
4:53 of 2nd period - Icing by Braden Schneider.
4:54 of 2nd period - Radek Faksa wins face-off versus Patrick Brown in VANCOUVER VOODOO zone.
5:00 of 2nd period - Minor Penalty to Radek Faksa for Interference.
5:01 of 2nd period - Steven Stamkos wins face-off versus Christian Dvorak in VANCOUVER VOODOO zone.
6:30 of 2nd period - Shot by Nick Bjugstad.
6:30 of 2nd period - Stopped by Samuel Montembeault without a rebound.
6:31 of 2nd period - Steven Stamkos wins face-off versus Nicolas Roy in VANCOUVER VOODOO zone.
6:51 of 2nd period - Nicolas Hague is hit by Justin Schultz and loses puck.
7:08 of 2nd period - Shot by Marcus Foligno.
7:08 of 2nd period - Stopped by Samuel Montembeault with a rebound.
7:10 of 2nd period - Shot by Nicholas Ritchie.
7:10 of 2nd period - Stopped by Samuel Montembeault with a rebound.
7:34 of 2nd period - Shot by Marcus Foligno.
7:34 of 2nd period - Stopped by Samuel Montembeault without a rebound.
7:35 of 2nd period - Christian Dvorak wins face-off versus Nick Bjugstad in VANCOUVER VOODOO zone.
7:35 of 2nd period - Conor Garland is hit by Nick Bjugstad and loses puck.
8:02 of 2nd period - Shot by Nick Bjugstad.
8:02 of 2nd period - Shot Blocked by Jordan Harris.
8:09 of 2nd period - Icing by Christian Dvorak.
8:10 of 2nd period - Steven Stamkos wins face-off versus Christian Dvorak in VANCOUVER VOODOO zone.
8:39 of 2nd period - Shot by Elias Pettersson.
8:39 of 2nd period - Shot Misses the Net.
8:41 of 2nd period - Shot by Steven Stamkos.
8:41 of 2nd period - Shot Blocked by Nicolas Hague.
8:43 of 2nd period - Shot by Brady Skjei.
8:43 of 2nd period - Shot Blocked by Christian Dvorak.
8:45 of 2nd period - Shot by Steven Stamkos.
8:45 of 2nd period - Stopped by Samuel Montembeault without a rebound.
8:46 of 2nd period - Cole Sillinger wins face-off versus Nick Bjugstad in VANCOUVER VOODOO zone.
8:59 of 2nd period - Shot by Cole Sillinger.
8:59 of 2nd period - Deflect By Josh Anderson.
8:59 of 2nd period - Shot Blocked by Mattias Samuelsson.
9:01 of 2nd period - Shot by Josh Anderson.
9:01 of 2nd period - Stopped by Stuart Skinner without a rebound.
9:02 of 2nd period - Radek Faksa wins face-off versus Patrick Brown in RENO LIONS zone.
9:17 of 2nd period - Shot by Josh Bailey.
9:17 of 2nd period - Shot Misses the Net.
9:19 of 2nd period - Shot by Keaton Middleton.
9:19 of 2nd period - Shot Blocked by Juuso Valimaki.
9:27 of 2nd period - Shot by Radek Faksa.
9:27 of 2nd period - Shot Hit the Post.
9:29 of 2nd period - Shot by Radek Faksa.
9:29 of 2nd period - Shot Misses the Net.
9:31 of 2nd period - Shot by Radek Faksa.
9:31 of 2nd period - Shot Misses the Net.
9:41 of 2nd period - Shot by Josh Bailey.
9:41 of 2nd period - Stopped by Stuart Skinner with a rebound.
10:02 of 2nd period - Cole Sillinger is hit by Ethan Bear and loses puck.
10:08 of 2nd period - Nicolas Roy is hit by Juuso Valimaki.
10:11 of 2nd period - Icing by Ethan Bear.
10:12 of 2nd period - Christian Dvorak wins face-off versus Patrick Brown in RENO LIONS zone.
10:21 of 2nd period - Shot by Conor Garland.
10:21 of 2nd period - Shot Misses the Net.
10:36 of 2nd period - Jonathan Drouin is hit by Juuso Valimaki and loses puck.
10:41 of 2nd period - Shot by Jonathan Drouin.
10:41 of 2nd period - Shot Misses the Net.
10:45 of 2nd period - Shot by Christian Dvorak.
10:45 of 2nd period - Stopped by Stuart Skinner with a rebound.
10:47 of 2nd period - Shot by Jonathan Drouin.
10:47 of 2nd period - Shot Misses the Net.
11:24 of 2nd period - Ethan Bear is hit by Cole Sillinger and loses puck.
12:00 of 2nd period - Shot by Radek Faksa.
12:00 of 2nd period - Shot Misses the Net.
12:06 of 2nd period - Shot by Radek Faksa.
12:06 of 2nd period - Shot Hit the Post.
12:08 of 2nd period - Shot by Josh Bailey.
12:08 of 2nd period - Shot Misses the Net.
12:10 of 2nd period - Shot by Josh Bailey.
12:10 of 2nd period - Shot Hit the Post.
12:12 of 2nd period - Shot by Radek Faksa.
12:12 of 2nd period - Shot Blocked by Juuso Valimaki.
12:14 of 2nd period - Shot by Alex Newhook.
12:14 of 2nd period - Shot Blocked by Ethan Bear.
12:16 of 2nd period - Shot by Radek Faksa.
12:16 of 2nd period - Shot Misses the Net.
12:29 of 2nd period - Icing by Juuso Valimaki.
12:30 of 2nd period - Christian Dvorak wins face-off versus Marcus Foligno in RENO LIONS zone.
12:35 of 2nd period - Shot by Christian Dvorak.
12:35 of 2nd period - Deflect By Conor Garland.
12:35 of 2nd period - Shot Misses the Net.
12:51 of 2nd period - Shot by Christian Dvorak.
12:51 of 2nd period - Shot Misses the Net.
14:15 of 2nd period - Josh Bailey is hit by Nick Bjugstad and loses puck.
14:34 of 2nd period - Shot by Elias Pettersson.
14:34 of 2nd period - Shot Misses the Net.
15:30 of 2nd period - Shot by Justin Schultz.
15:30 of 2nd period - Shot Misses the Net.
16:04 of 2nd period - Shot by Nick Bjugstad.
16:04 of 2nd period - Shot Misses the Net.
16:06 of 2nd period - Shot by Nick Bjugstad.
16:06 of 2nd period - Goal by Nick Bjugstad - VANCOUVER VOODOO : 2 - RENO LIONS : 4.
16:06 of 2nd period - Filip Gustavsson enters game.
16:07 of 2nd period - Steven Stamkos wins face-off versus Cole Sillinger in neutral zone.
16:15 of 2nd period - Steven Stamkos is hit by Nicolas Hague and loses puck.
17:08 of 2nd period - Shot by Marian Studenic.
17:08 of 2nd period - Stopped by Filip Gustavsson without a rebound.
17:09 of 2nd period - Christian Dvorak wins face-off versus Nick Bjugstad in VANCOUVER VOODOO zone.
18:00 of 2nd period - Elias Pettersson is hit by Conor Garland and loses puck.
18:08 of 2nd period - Off-side.
18:09 of 2nd period - Kirill Kaprizov wins face-off versus Max Pacioretty in neutral zone.
18:15 of 2nd period - Steven Stamkos is hit by Jordan Harris and loses puck.
18:21 of 2nd period - Steven Stamkos is hit by Nicolas Hague and loses puck.
18:24 of 2nd period - Shot by Elias Pettersson.
18:24 of 2nd period - Shot Blocked by Nicolas Hague.
18:26 of 2nd period - Shot by Kirill Kaprizov.
18:26 of 2nd period - Deflect By Elias Pettersson.
18:26 of 2nd period - Stopped by Filip Gustavsson without a rebound.
18:27 of 2nd period - Nick Bjugstad wins face-off versus Cole Sillinger in VANCOUVER VOODOO zone.
18:30 of 2nd period - Shot by Jack Roslovic.
18:30 of 2nd period - Shot Misses the Net.
18:37 of 2nd period - Icing by Cole Sillinger.
18:38 of 2nd period - Ilya Mikheyev wins face-off versus Nicolas Roy in VANCOUVER VOODOO zone.
19:02 of 2nd period - Shot by Cole Sillinger.
19:02 of 2nd period - Stopped by Stuart Skinner without a rebound.
19:03 of 2nd period - Christian Dvorak wins face-off versus Alex Steeves in RENO LIONS zone.
19:53 of 2nd period - Icing by Christian Dvorak.
19:54 of 2nd period - Christian Dvorak wins face-off versus Steven Stamkos in VANCOUVER VOODOO zone.
Goals for this period are 0 for VANCOUVER VOODOO vs 2 for RENO LIONS.
Shots for this period are 6 for VANCOUVER VOODOO vs 13 for RENO LIONS.

3rd period


0:01 of 3rd period - Steven Stamkos wins face-off versus Cole Sillinger in neutral zone.
0:12 of 3rd period - Shot by Steven Stamkos.
0:12 of 3rd period - Stopped by Filip Gustavsson without a rebound.
0:13 of 3rd period - Christian Dvorak wins face-off versus Nick Bjugstad in VANCOUVER VOODOO zone.
0:13 of 3rd period - Jonathan Drouin is hit by Nick Bjugstad and loses puck.
0:23 of 3rd period - Jack Roslovic is hit by Keaton Middleton and loses puck.
0:29 of 3rd period - Jack Roslovic is hit by Keaton Middleton and loses puck.
0:32 of 3rd period - Shot by Jack Roslovic.
0:32 of 3rd period - Shot Blocked by Christian Dvorak.
0:43 of 3rd period - Off-side.
0:44 of 3rd period - Steven Stamkos wins face-off versus Cole Sillinger in neutral zone.
0:53 of 3rd period - Shot by Kirill Kaprizov.
0:53 of 3rd period - Shot Misses the Net.
0:56 of 3rd period - Icing by Nicolas Hague.
0:57 of 3rd period - Alex Steeves wins face-off versus Cole Sillinger in VANCOUVER VOODOO zone.
1:01 of 3rd period - Icing by Josh Anderson.
1:02 of 3rd period - Cole Sillinger wins face-off versus Steven Stamkos in VANCOUVER VOODOO zone.
2:42 of 3rd period - Jack Roslovic is hit by Radek Faksa and loses puck.
2:53 of 3rd period - Radek Faksa is hit by Nick Bjugstad and loses puck.
3:09 of 3rd period - Icing by Ethan Bear.
3:10 of 3rd period - Alex Steeves wins face-off versus Christian Dvorak in RENO LIONS zone.
3:10 of 3rd period - Alex Steeves is hit by Christian Dvorak.
3:27 of 3rd period - Icing by Calen Addison.
3:28 of 3rd period - Christian Dvorak wins face-off versus Steven Stamkos in VANCOUVER VOODOO zone.
3:37 of 3rd period - Shot by Kirill Kaprizov.
3:37 of 3rd period - Stopped by Filip Gustavsson with a rebound.
3:39 of 3rd period - Shot by Justin Schultz.
3:39 of 3rd period - Stopped by Filip Gustavsson without a rebound.
3:40 of 3rd period - Patrick Brown wins face-off versus Cole Sillinger in VANCOUVER VOODOO zone.
3:50 of 3rd period - Icing by Cole Sillinger.
3:51 of 3rd period - Steven Stamkos wins face-off versus Nicolas Roy in VANCOUVER VOODOO zone.
4:46 of 3rd period - Shot by Jonathan Drouin.
4:46 of 3rd period - Stopped by Stuart Skinner without a rebound.
4:47 of 3rd period - Nick Bjugstad wins face-off versus Radek Faksa in RENO LIONS zone.
4:58 of 3rd period - Josh Bailey is hit by Nick Bjugstad and loses puck.
5:03 of 3rd period - Shot by Radek Faksa.
5:03 of 3rd period - Stopped by Stuart Skinner without a rebound.
5:04 of 3rd period - Christian Dvorak wins face-off versus Patrick Brown in RENO LIONS zone.
5:12 of 3rd period - Minor Penalty to Nicholas Ritchie for Roughing.
5:13 of 3rd period - Nick Bjugstad wins face-off versus Jonathan Drouin in RENO LIONS zone.
5:42 of 3rd period - Shot by Jordan Harris.
5:42 of 3rd period - Stopped by Stuart Skinner without a rebound.
5:43 of 3rd period - Patrick Brown wins face-off versus Nicolas Roy in RENO LIONS zone.
6:02 of 3rd period - Shot by Alex Newhook.
6:02 of 3rd period - Shot Blocked by Ethan Bear.
6:04 of 3rd period - Shot by Braden Schneider.
6:04 of 3rd period - Stopped by Stuart Skinner with a rebound.
6:08 of 3rd period - Shot by Nicolas Roy.
6:08 of 3rd period - Shot Blocked by Juuso Valimaki.
6:10 of 3rd period - Shot by Braden Schneider.
6:10 of 3rd period - Shot Blocked by Juuso Valimaki.
6:12 of 3rd period - Shot by Nicolas Hague.
6:12 of 3rd period - Stopped by Stuart Skinner with a rebound.
7:27 of 3rd period - Shot by Steven Stamkos.
7:27 of 3rd period - Shot Misses the Net.
7:56 of 3rd period - Icing by Kirill Kaprizov.
7:57 of 3rd period - Radek Faksa wins face-off versus Steven Stamkos in RENO LIONS zone.
8:01 of 3rd period - Icing by Brady Skjei.
8:02 of 3rd period - Radek Faksa wins face-off versus Elias Pettersson in RENO LIONS zone.
9:00 of 3rd period - Shot by Jack Roslovic.
9:00 of 3rd period - Stopped by Filip Gustavsson without a rebound.
9:01 of 3rd period - Christian Dvorak wins face-off versus Patrick Brown in VANCOUVER VOODOO zone.
9:15 of 3rd period - Conor Garland is hit by Juuso Valimaki and loses puck.
9:30 of 3rd period - Shot by Nicholas Ritchie.
9:30 of 3rd period - Shot Misses the Net.
9:51 of 3rd period - Off-side.
9:52 of 3rd period - Nick Bjugstad wins face-off versus Cole Sillinger in neutral zone.
9:58 of 3rd period - Jack Roslovic is hit by Keaton Middleton and loses puck.
11:02 of 3rd period - Shot by Alex Newhook.
11:02 of 3rd period - Shot Blocked by Justin Schultz.
11:30 of 3rd period - Shot by Josh Bailey.
11:30 of 3rd period - Shot Misses the Net.
11:58 of 3rd period - Shot by Christian Dvorak.
11:58 of 3rd period - Stopped by Stuart Skinner without a rebound.
11:59 of 3rd period - Joshua Norris wins face-off versus Patrick Brown in RENO LIONS zone.
12:04 of 3rd period - Shot by Brendan Gallagher.
12:04 of 3rd period - Stopped by Stuart Skinner with a rebound.
12:24 of 3rd period - Shot by Marcus Foligno.
12:24 of 3rd period - Shot Hit the Post.
12:26 of 3rd period - Shot by Juuso Valimaki.
12:26 of 3rd period - Goal by Juuso Valimaki - VANCOUVER VOODOO : 2 - RENO LIONS : 5.
12:27 of 3rd period - Christian Dvorak wins face-off versus Nick Bjugstad in neutral zone.
12:27 of 3rd period - Christian Dvorak is hit by Nick Bjugstad.
12:37 of 3rd period - Off-side.
12:38 of 3rd period - Cole Sillinger wins face-off versus Alex Steeves in neutral zone.
12:51 of 3rd period - Shot by Josh Anderson.
12:51 of 3rd period - Stopped by Stuart Skinner without a rebound.
12:52 of 3rd period - Nick Bjugstad wins face-off versus Christian Dvorak in RENO LIONS zone.
12:54 of 3rd period - Icing by Ilya Mikheyev.
12:55 of 3rd period - Conor Garland wins face-off versus Nick Bjugstad in RENO LIONS zone.
12:56 of 3rd period - Shot by Christian Dvorak.
12:56 of 3rd period - Stopped by Stuart Skinner without a rebound.
12:57 of 3rd period - Christian Dvorak wins face-off versus Nick Bjugstad in RENO LIONS zone.
13:10 of 3rd period - Christian Dvorak is hit by Nick Bjugstad and loses puck.
13:57 of 3rd period - Cole Sillinger is hit by Nick Bjugstad and loses puck.
14:56 of 3rd period - Shot by Kirill Kaprizov.
14:56 of 3rd period - Shot Blocked by Radek Faksa.
14:58 of 3rd period - Shot by Steven Stamkos.
14:58 of 3rd period - Deflect By Kirill Kaprizov.
14:58 of 3rd period - Stopped by Filip Gustavsson without a rebound.
14:59 of 3rd period - Patrick Brown wins face-off versus Joshua Norris in VANCOUVER VOODOO zone.
14:59 of 3rd period - Juuso Valimaki is hit by Keaton Middleton.
15:14 of 3rd period - Shot by Brendan Gallagher.
15:14 of 3rd period - Stopped by Stuart Skinner without a rebound.
15:15 of 3rd period - Alex Steeves wins face-off versus Christian Dvorak in RENO LIONS zone.
16:02 of 3rd period - Icing by Mattias Samuelsson.
16:03 of 3rd period - Radek Faksa wins face-off versus Alex Steeves in RENO LIONS zone.
16:06 of 3rd period - Shot by Alex Newhook.
16:06 of 3rd period - Shot Blocked by Mattias Samuelsson.
16:15 of 3rd period - Off-side.
16:16 of 3rd period - Josh Anderson wins face-off versus Steven Stamkos in neutral zone.
16:32 of 3rd period - Steven Stamkos is hit by Nicolas Hague and loses puck.
16:41 of 3rd period - Shot by Steven Stamkos.
16:41 of 3rd period - Stopped by Filip Gustavsson without a rebound.
16:42 of 3rd period - Nick Bjugstad wins face-off versus Christian Dvorak in VANCOUVER VOODOO zone.
16:57 of 3rd period - Shot by Nick Bjugstad.
16:57 of 3rd period - Shot Misses the Net.
16:59 of 3rd period - Shot by Brady Skjei.
16:59 of 3rd period - Stopped by Filip Gustavsson with a rebound.
17:01 of 3rd period - Shot by Brady Skjei.
17:01 of 3rd period - Shot Blocked by Christian Dvorak.
17:03 of 3rd period - Shot by Ilya Mikheyev.
17:03 of 3rd period - Stopped by Filip Gustavsson without a rebound.
17:04 of 3rd period - Radek Faksa wins face-off versus Steven Stamkos in VANCOUVER VOODOO zone.
17:04 of 3rd period - Radek Faksa is hit by Steven Stamkos.
17:07 of 3rd period - Josh Bailey is hit by Kirill Kaprizov and loses puck.
18:22 of 3rd period - Icing by Jordan Harris.
18:23 of 3rd period - Nicholas Ritchie wins face-off versus Jonathan Drouin in VANCOUVER VOODOO zone.
18:35 of 3rd period - Icing by Jonathan Drouin.
18:36 of 3rd period - Jack Roslovic wins face-off versus Christian Dvorak in VANCOUVER VOODOO zone.
18:41 of 3rd period - Shot by Ilya Mikheyev.
18:41 of 3rd period - Stopped by Filip Gustavsson without a rebound.
18:42 of 3rd period - Cole Sillinger wins face-off versus Nick Bjugstad in VANCOUVER VOODOO zone.
18:58 of 3rd period - Minor Penalty to Calen Addison for Slashing.
18:59 of 3rd period - Steven Stamkos wins face-off versus Christian Dvorak in VANCOUVER VOODOO zone.
19:44 of 3rd period - Shot by Steven Stamkos.
19:44 of 3rd period - Shot Misses the Net.
19:51 of 3rd period - Icing by Elias Pettersson.
19:52 of 3rd period - Steven Stamkos wins face-off versus Radek Faksa in RENO LIONS zone.
Goals for this period are 0 for VANCOUVER VOODOO vs 1 for RENO LIONS.
Shots for this period are 10 for VANCOUVER VOODOO vs 10 for RENO LIONS.


BLAKE
WHEELER
STEVEN
STAMKOS
DREW
DOUGHTY

EAST COAST

HOCKEY LEAGUE

  • 63.RHI2PIT5
  • 64.WOR4ATL3
  • 65.QUECHW
  • 66.CHATRV